 Dungeon Crawl Stone Soup version 0.22-a0-410-g97be04f (webtiles) character file.

43 Collin1234 the Skirmisher (level 3, -2/24 HPs)
             Began as a Gargoyle Berserker on May 11, 2018.
             Was a Follower of Trog.
             Slain by a wight
             ... wielding a +0 scimitar
              (10 damage)
             ... on level 2 of the Dungeon.
             The game lasted 00:03:17 (1187 turns).

Collin1234 the Skirmisher (Gargoyle Berserker)      Turns: 1187, Time: 00:03:18

Health: -2/24      AC: 12    Str: 20    XL:     3   Next: 58%
Magic:  3/3        EV:  8    Int:  8    God:    Trog [*.....]
Gold:   27         SH:  0    Dex:  9    Spells: 2/2 levels left

rFire    x . .     SeeInvis .   o - -2 hand axe
rCold    + . .     Gourm    .   (no shield)
rNeg     + . .     Faith    .   m - +0 chain mail
rPois    ∞         Spirit   .   (no helmet)
rElec    +         Reflect  .   (no cloak)
rCorr    .         Harm     .   (no gloves)
MR       .....                  (no boots)
Stlth    ..........             (no amulet)
HPRegen  0.08/turn              d - ring of ice
MPRegen  0.08/turn              (no ring)

@: no status effects
A: negative energy resistance 1, electricity resistance, unbreathing,
petrification resistance, rot immunity, AC +3
a: Berserk, Renounce Religion


You were on level 2 of the Dungeon.
You worshipped Trog.
Trog was aware of your devotion.
You were hungry.

You visited 1 branch of the dungeon, and saw 2 of its levels.

You collected 27 gold pieces.

Inventory:

Hand Weapons
 a - a +0 hand axe
 h - a cursed +0 short sword
 o - a -2 hand axe (weapon)
Armour
 b - a +0 animal skin
 f - a +0 leather armour
 m - a +0 chain mail (worn)
Jewellery
 d - a ring of ice (left hand)
Scrolls
 k - a scroll of identify
Potions
 g - a potion of degeneration {unknown}
 j - a potion of mutation {unknown}
 n - a potion of agility {unknown}
Comestibles
 c - 3 rations


   Skills:
 + Level 4.0 Fighting
 + Level 3.0 Axes
 + Level 2.5 Armour
 + Level 2.0 Dodging


You had 2 spell levels left.
You didn't know any spells.

Dungeon Overview and Level Annotations

Branches:
Dungeon (2/15)

Altars:
Xom
Zin


Innate Abilities, Weirdness & Mutations

You are resistant to torment.
Your stone body is resilient. (AC +3)
You are immune to poison.
You resist negative energy. (rN+)
You are resistant to electric shocks. (rElec)
You can survive without breathing.
You are immune to petrification.
You are immune to rotting.


Message History

Trog accepts your kill.
Your Fighting skill increases to level 4!
Your Axes skill increases to level 3!
You have reached level 3!
Your experience leads to an increase in your attributes!
Increase (S)trength, (I)ntelligence, or (D)exterity?
You feel clever.
You hit the adder.
You kill the adder!
Trog accepts your kill.
Your Dodging skill increases to level 2!
You completely miss the wight. The wight hits you but does no damage.
You hit the wight but do no damage. The wight hits you with a scimitar.
* * * LOW HITPOINT WARNING * * *
You hit the wight but do no damage. The wight hits you but does no damage.
You closely miss the wight. The wight hits you but does no damage.
Your chain mail prevents you from hitting the wight.
The wight barely misses you.
You closely miss the wight. The wight hits you with a scimitar!
You die...

#......<.....#
#.####.##.....#
#.##.##..#b
#..!.....b.
#.##.##..#.
#######.# .#
........# .#
#######)# @#
#@# .. #z# ##
#r...S.z.
#..###.#z ....
..... .#####.
.#...#..
._#...#_.#


You could see a wight and a rat.

Vanquished Creatures
  Terence (D:2)
  An adder (D:2)
  A goblin (D:1)
  A hobgoblin (D:1)
  2 jackals (D:1)
  2 kobolds (D:1)
  A frilled lizard (D:1)
9 creatures vanquished.

Notes
Turn   | Place    | Note
-------+----------+-------------------------------------------
     0 | D:1      | Collin1234 the Gargoyle Berserker began the quest for the Orb.
     0 | D:1      | Reached XP level 1. HP: 14/14 MP: 1/1
   720 | D:1      | Reached XP level 2. HP: 19/19 MP: 2/2
  1158 | D:2      | Noticed Terence
  1166 | D:2      | Found a shimmering altar of Xom.
  1166 | D:2      | Found a glowing silver altar of Zin.
  1166 | D:2      | Noticed an angel
  1167 | D:2      | Noticed a wight
  1167 | D:2      | Noticed a wight
  1181 | D:2      | Killed Terence
  1181 | D:2      | Reached skill level 4 in Fighting
  1181 | D:2      | Reached XP level 3. HP: 11/24 MP: 3/3
  1187 | D:2      | Slain by a wight

Vault maps used:
D:1:      dpeg_arrival_solitude, kennysheep_pointless_box
D:2:      grunt_temple_overflow_order_and_chaos_1,
          nicolae_overflow_hidden_temple, uniq_terence

Skill      XL: |  1  2  3 |
---------------+----------+-----
Fighting       | 4 |  4.0
Axes           | 3 |  3.0
Dodging        | 2 |  2.0
Armour         | |  2.5

Action                   || total
-------------------------++-------
Melee: Hand axe          ||    56
  Use: Scroll            ||     6
Armor: Leather armour    ||    15
       Chain mail        ||    21
Dodge: Dodged            ||    35

Table legend:
 A = Spawn XP
 B = Non-spawn XP
 C = Spawn XP percentage of total XP
 D = Spawn monster count
 E = Non-spawn monster count
 F = Spawn count percentage of total count
 G = Total turns spent on level
                    A         B        C        D         E        F      G
               +---------+---------+-------+---------+---------+-------+---------
         Total |       0 |      62 |   0.0 |       0 |       9 |   0.0 |  1187
               +---------+---------+-------+---------+---------+-------+---------
           D:1 |       0 |      13 |   0.0 |       0 |       7 |   0.0 |  1154
           D:2 |       0 |      49 |   0.0 |       0 |       2 |   0.0 |    33
               +---------+---------+-------+---------+---------+-------+---------
